General information
- name: BNet
- type: Ladder team game (AT/RT)
- host: Battle.net
- saver: Bromeister
map: Monsoon
- players: 6
- length: 24:20
- speed: Fast
- version: 1.26 W3XP
- replay type: Public
» download(152 KB)
Players
team 1 (loser)
starcraft3_exp (
green | 87 APM | 2103 actions | 24:16)
4 Far Seer
2 Feral Spirit
2 Chain Lighting
3 Shadow Hunter
2 Healing Wave
1 Hex
» actions
| Assign group hotkey | 29 | |
| Basic commands | 134 | |
| Build / train | 91 | |
| ESC pressed | 1 | |
| Enter build submenu | 33 | |
| Enter hero's abilities submenu | 7 | |
| Give item / drop item | 2 | |
| Right click | 402 | |
| Select / deselect | 967 | |
| Select group hotkey | 338 | |
| Use ability | 97 | |
2103 total
» units
| Peon | 50 | |
| Grunt | 4 | |
| Tauren | 4 | |
| Troll Batrider | 12 | |
70 total
» upgrades
| Pulverize | 1 | |
| Envenomed Spears | 1 | |
| Liquid Fire | 1 | |
| Reinforced Defenses | 1 | |
4 total
» buildings
| Altar of Storms | 1 | |
| Orc Burrow | 12 | |
| War Mill | 3 | |
| Barracks | 1 | |
| Voodoo Lounge | 1 | |
| Stronghold | 1 | |
| Great Hall | 2 | |
| Fortress | 1 | |
| Tauren Totem | 3 | |
| Watch Tower | 3 | |
| Beastiary | 4 | |
32 total
» build order
00:08 Altar of Storms
00:11 Orc Burrow
00:54 War Mill
01:20 Barracks
01:46 Orc Burrow
02:27 Voodoo Lounge
03:09 Stronghold
05:26 Orc Burrow
06:00 Orc Burrow
06:13 Great Hall
06:52 Orc Burrow
06:54 Orc Burrow
06:56 Orc Burrow
07:25 Fortress
10:57 Tauren Totem
12:10 Watch Tower
12:32 War Mill
13:00 Watch Tower
13:25 Watch Tower
13:44 Orc Burrow
14:27 Beastiary
14:30 Beastiary
16:01 Great Hall
16:16 Beastiary
16:42 Beastiary
16:53 Orc Burrow
16:56 Orc Burrow
17:18 Orc Burrow
17:21 Orc Burrow
19:36 Tauren Totem
20:49 Tauren Totem
22:07 War Mill
» items
| Healing Salve | 2 | |
| Scroll of Town Portal | 2 | |
| Lesser Clarity Potion | 1 | |
| Potion of Lesser Invulnerability | 1 | |
6 total

»
chieftain420 (
purple | 38 APM | 838 actions | 22:05)
4 Archmage
2 Summon Water Elemental
2 Brilliance Aura
» actions
| Assign group hotkey | 25 | |
| Build / train | 79 | |
| Enter build submenu | 24 | |
| Enter hero's abilities submenu | 5 | |
| Remove unit from queue | 7 | |
| Right click | 213 | |
| Select / deselect | 270 | |
| Select group hotkey | 150 | |
| Use ability | 65 | |
838 total
» units
| Peasant | 31 | |
| Footman | 11 | |
| Rifleman | 8 | |
| Dragonhawk Rider | 2 | |
52 total
» upgrades
| Swords | 0 | |
| Plating | 0 | |
| Gunpowder | 1 | |
| Lumber Harvesting | 1 | |
| Long Rifles | 1 | |
| Armor | 1 | |
4 total
» buildings
| Barracks | 2 | |
| Altar of Kings | 1 | |
| Farm | 11 | |
| Lumber Mill | 3 | |
| Arcane Vault | 1 | |
| Keep | 1 | |
| Town Hall | 3 | |
| Scout Tower | 10 | |
| Guard Tower | 4 | |
| Blacksmith | 1 | |
| Arcane Tower | 3 | |
| Gryphon Aviary | 2 | |
42 total
» build order
00:09 Barracks
00:12 Altar of Kings
00:23 Farm
00:43 Lumber Mill
01:35 Farm
02:30 Farm
02:51 Farm
03:26 Arcane Vault
03:38 Keep
06:38 Town Hall
09:49 Scout Tower
09:51 Scout Tower
09:52 Scout Tower
10:15 Scout Tower
10:16 Scout Tower
10:17 Scout Tower
10:23 Farm
10:24 Farm
10:31 Lumber Mill
10:41 Lumber Mill
11:11 Keep
11:22 Guard Tower
11:40 Blacksmith
11:52 Guard Tower
11:54 Guard Tower
11:55 Arcane Tower
12:11 Arcane Tower
12:48 Scout Tower
12:49 Scout Tower
12:49 Scout Tower
12:50 Scout Tower
13:19 Barracks
13:42 Gryphon Aviary
13:42 Gryphon Aviary
14:12 Guard Tower
15:00 Arcane Tower
15:55 Farm
15:56 Farm
18:20 Farm
20:29 Town Hall
21:58 Town Hall
» items
| Scroll of Town Portal | 2 | |
| Scroll of Regeneration | 1 | |
3 total

»
solidorc999 (
pink | 32 APM | 770 actions | 24:04)
4 Archmage
2 Blizzard
1 Brilliance Aura
1 Summon Water Elemental
3 Mountain King
1 Storm Bolt
1 Bash
1 Thunder Clap
» actions
| Basic commands | 25 | |
| Build / train | 58 | |
| Enter build submenu | 22 | |
| Enter hero's abilities submenu | 7 | |
| Remove unit from queue | 1 | |
| Right click | 311 | |
| Select / deselect | 293 | |
| Use ability | 53 | |
770 total
» units
| Peasant | 9 | |
| Footman | 2 | |
| Rifleman | 2 | |
| Knight | 7 | |
| Priest | 5 | |
| Mortar Team | 6 | |
| Spell Breaker | 1 | |
32 total
» upgrades
| Priest Training | 2 | |
| Fragmentation Shards | 1 | |
3 total
» buildings
| Altar of Kings | 1 | |
| Farm | 12 | |
| Barracks | 1 | |
| Lumber Mill | 1 | |
| Arcane Vault | 1 | |
| Keep | 3 | |
| Blacksmith | 1 | |
| Arcane Sanctum | 1 | |
| Castle | 2 | |
| Workshop | 1 | |
| Town Hall | 3 | |
27 total
» build order
00:21 Altar of Kings
00:28 Farm
01:14 Barracks
01:27 Farm
01:59 Lumber Mill
02:09 Farm
02:44 Arcane Vault
03:03 Keep
03:04 Keep
03:34 Blacksmith
05:52 Arcane Sanctum
05:57 Castle
06:04 Farm
07:24 Farm
09:02 Farm
09:44 Workshop
09:48 Farm
10:38 Farm
11:21 Farm
12:09 Farm
14:23 Town Hall
16:20 Farm
17:52 Town Hall
20:24 Town Hall
21:27 Farm
» items
| Healing Salve | 2 | |
| Potion of Healing | 1 | |
3 total
team 2 (winner)
zs12 (
red | 69 APM | 1668 actions | 24:17)
8 Keeper of the Grove
3 Force of Nature
2 Entangling Roots
1 Tranquility
2 Thorns Aura
» actions
| Assign group hotkey | 20 | |
| Build / train | 82 | |
| Enter build submenu | 22 | |
| Enter hero's abilities submenu | 8 | |
| Give item / drop item | 5 | |
| Remove unit from queue | 1 | |
| Right click | 933 | |
| Select / deselect | 310 | |
| Select group hotkey | 229 | |
| Use ability | 58 | |
1668 total
» units
| Wisp | 23 | |
| Huntress | 5 | |
| Hippogryph | 9 | |
| Faerie Dragon | 1 | |
| Chimaera | 12 | |
| Archer | 5 | |
55 total
» upgrades
| Strength of the Wild | 3 | |
| Reinforced Hides | 3 | |
| Corrosive Breath | 1 | |
| Nature's Blessing | 1 | |
| Well Spring | 1 | |
| Moon Armor | 2 | |
| Strength of the Moon | 2 | |
| Improved Bows | 1 | |
14 total
» buildings
| Altar of Elders | 1 | |
| Moon Well | 8 | |
| Hunter's Hall | 1 | |
| Ancient of War | 2 | |
| Ancient Protector | 4 | |
| Tree of Ages | 1 | |
| Tree of Eternity | 1 | |
| Ancient of Wind | 1 | |
| Ancient of Wonders | 1 | |
| Tree of Life | 1 | |
| Chimaera Roost | 2 | |
23 total
» build order
00:11 Altar of Elders
00:13 Moon Well
01:08 Hunter's Hall
01:55 Ancient of War
02:10 Ancient Protector
02:25 Moon Well
04:10 Tree of Ages
04:17 Moon Well
06:30 Moon Well
06:37 Tree of Eternity
06:53 Ancient of Wind
07:40 Ancient of Wonders
08:23 Tree of Life
09:02 Chimaera Roost
09:05 Chimaera Roost
09:11 Ancient Protector
09:58 Moon Well
13:47 Moon Well
14:42 Moon Well
18:39 Ancient Protector
19:19 Moon Well
20:39 Ancient Protector
21:06 Ancient of War
» items
Uzbad (
yellow | 44 APM | 1062 actions | 24:17)
7 Archmage
3 Blizzard
3 Brilliance Aura
1 Mass Teleport
» actions
| Assign group hotkey | 17 | |
| Build / train | 48 | |
| Enter build submenu | 13 | |
| Enter hero's abilities submenu | 9 | |
| Give item / drop item | 2 | |
| Remove unit from queue | 1 | |
| Right click | 728 | |
| Select / deselect | 171 | |
| Select group hotkey | 27 | |
| Use ability | 46 | |
1062 total
» units
| Peasant | 8 | |
| Footman | 4 | |
| Knight | 4 | |
| Priest | 3 | |
19 total
» upgrades
| Plating | 3 | |
| Priest Training | 2 | |
| Swords | 3 | |
| Animal War Training | 1 | |
| Magic Sentry | 1 | |
10 total
» buildings
| Altar of Kings | 1 | |
| Farm | 8 | |
| Barracks | 3 | |
| Lumber Mill | 1 | |
| Keep | 1 | |
| Arcane Vault | 1 | |
| Blacksmith | 2 | |
| Arcane Sanctum | 1 | |
| Castle | 1 | |
19 total
» build order
00:17 Altar of Kings
00:26 Farm
00:34 Barracks
01:04 Lumber Mill
01:14 Farm
02:57 Farm
02:58 Farm
04:07 Keep
06:59 Barracks
07:03 Barracks
07:05 Farm
07:05 Farm
07:15 Arcane Vault
07:29 Blacksmith
07:29 Blacksmith
07:48 Arcane Sanctum
08:06 Castle
08:57 Farm
09:00 Farm
» items
| Scroll of Town Portal | 2 | |
| Staff of Sanctuary | 1 | |
| Orb of Fire | 1 | |
| Scroll of Regeneration | 1 | |
5 total
Bromeister (
teal | 103 APM | 2502 actions | 24:20)
8 Pandaren Brewmaster
3 Breath of Fire
3 Drunken Brawler
1 Storm Earth and Fire
1 Drunken Haze
» actions
| Assign group hotkey | 38 | |
| Basic commands | 5 | |
| Build / train | 86 | |
| Enter build submenu | 38 | |
| Enter hero's abilities submenu | 8 | |
| Give item / drop item | 4 | |
| Remove unit from queue | 9 | |
| Right click | 1504 | |
| Select / deselect | 388 | |
| Select group hotkey | 252 | |
| Use ability | 170 | |
2502 total
» units
| Wisp | 28 | |
| Dryad | 8 | |
| Druid of the Talon | 5 | |
| Chimaera | 4 | |
| Mountain Giant | 2 | |
47 total
» upgrades
| Strength of the Wild | 3 | |
| Abolish Magic | 1 | |
| Druid of the Talon Training | 2 | |
| Hardened Skin | 1 | |
| Reinforced Hides | 1 | |
| Mark of the Talon | 1 | |
9 total
» buildings
| Hunter's Hall | 1 | |
| Moon Well | 9 | |
| Altar of Elders | 1 | |
| Ancient Protector | 12 | |
| Tree of Ages | 2 | |
| Ancient of Wonders | 1 | |
| Ancient of Lore | 2 | |
| Ancient of Wind | 1 | |
| Tree of Eternity | 1 | |
| Chimaera Roost | 1 | |
| Tree of Life | 1 | |
32 total
» build order
00:08 Hunter's Hall
00:46 Moon Well
01:38 Altar of Elders
02:01 Ancient Protector
02:25 Ancient Protector
04:05 Moon Well
04:07 Moon Well
04:11 Ancient Protector
04:20 Ancient Protector
04:23 Ancient Protector
05:18 Tree of Ages
06:23 Ancient Protector
06:25 Ancient Protector
06:29 Ancient Protector
06:36 Ancient Protector
07:13 Ancient of Wonders
08:45 Ancient of Lore
08:56 Ancient of Lore
09:29 Ancient of Wind
10:54 Moon Well
11:23 Tree of Eternity
13:31 Moon Well
15:46 Chimaera Roost
16:08 Moon Well
17:47 Tree of Life
17:57 Ancient Protector
18:00 Ancient Protector
18:44 Ancient Protector
21:14 Moon Well
21:29 Moon Well
21:35 Moon Well
» items
| Boots of Speed | 1 | |
| Periapt of Vitality | 1 | |
| Potion of Lesser Invulnerability | 2 | |
| Staff of Teleportation | 1 | |
| Potion of Healing | 2 | |
| Scroll of Town Portal | 1 | |
| Potion of Mana | 1 | |
9 total
Chat log
(00:06 / Allies) Uzbad: :D
(00:10 / All) Bromeister: LOL
(00:13 / All) Bromeister: 2 NRO members
(00:16 / All) Bromeister: me and Uzbad
(00:18 / All) Bromeister: <N>ew <R>ealm <O>rder <<<Clan NRO>>> [the mamak of TFT]
(00:31 / Allies) Bromeister: tower rush
(00:36 / Allies) Uzbad: indeed
(00:44 / Allies) zs12:
(00:49 / Allies) Bromeister: zs mass
(00:53 / Allies) Bromeister: mass archers
(01:00 / Allies) Bromeister: yelow get foot with defend
(01:07 / Allies) Uzbad: yeh
(01:14 / Allies) Bromeister: wood plz
(01:18 / Allies) Uzbad: none
(01:20 / Allies) Bromeister: i think i was seen
(01:22 / Allies) Bromeister: u think?
(01:29 / Allies) Uzbad: never know
(01:29 / Allies) Bromeister: abort or go for the gold?
(01:37 / Allies) Uzbad: go for it
(01:41 / All) Bromeister: FUCK IT IM ON ONE
(01:41 / Allies) zs12: i think you were seen
(01:43 / All) Bromeister: YOLO NIGGAS
(01:44 / All) Bromeister: YOLO
(01:49 / Allies) Bromeister: wood me
(01:52 / Allies) Bromeister: fuck it
(01:53 / Allies) Bromeister: i'll build one
(01:55 / Allies) Bromeister: and eat trees
(01:58 / Allies) Bromeister: around the town
(02:04 / Allies) Bromeister: so we can backdoor
(02:19 / Allies) Bromeister: what race were they
(02:26 / Allies) Bromeister: ty
(02:35 / Allies) Uzbad: didnt see the load screen
(02:38 / Allies) Bromeister: that one gota go up
(02:40 / Allies) Bromeister: its a test
(02:42 / Allies) Bromeister: to see if he saw me
(02:58 / Allies) Bromeister: getting panda
(03:06 / Allies) Bromeister: watch
(03:10 / Allies) Uzbad: yehehehe
(03:12 / Allies) Bromeister: lol
(03:31 / Allies) Bromeister: omg
(03:34 / Allies) Bromeister: its like metal gear solid
(03:37 / Allies) Bromeister: in wc3
(03:52 / Allies) Bromeister: harass
(04:28 / Allies) Bromeister: wtf
(04:36 / Allies) Bromeister: burrow
(04:38 / Allies) Bromeister: gg
(04:41 / Allies) Bromeister: lol
(04:42 / Allies) Bromeister: lol
(04:44 / Allies) Bromeister: lol
(05:04 / Allies) Bromeister: LOL
(05:34 / Allies) Bromeister: am
(05:35 / Allies) Bromeister: am
(06:52 / All) Bromeister: LOL
(06:52 / All) Bromeister: GG
(06:56 / All) Bromeister: too funny
(06:59 / All) Bromeister: LOL
(07:03 / All) Bromeister: LMFAO
(07:07 / All) Bromeister: LMFAO
(07:25 / Allies) Uzbad: just going to 3 racks footies
(07:34 / Allies) Bromeister: priest sorc plz
(07:35 / Allies) Bromeister: with kngits
(07:41 / Allies) Uzbad: kk
(07:45 / Allies) Bromeister: wood
(08:49 / Allies) Bromeister: yua
(08:59 / Allies) Bromeister: fuck my protectors
(09:01 / Allies) Bromeister: let them have it
(09:04 / Allies) Bromeister: it was just luks
(09:17 / Allies) Bromeister: nice
(09:22 / Allies) Bromeister: kill al his burows and workers
(10:26 / All) Bromeister: lawl
(10:47 / All) Bromeister: bye
(11:11 / Allies) Uzbad: three racks knights so much lawl
(11:18 / Allies) Bromeister: get anti knights
(11:19 / Allies) Bromeister: they hurt
(11:26 / Allies) Bromeister: i'll tech to chims
(11:29 / Allies) Uzbad: you mean breakers?
(11:30 / Allies) Bromeister: slowly
(11:32 / Allies) Bromeister: um
(11:35 / Allies) Bromeister: whats good against kngihts
(11:40 / Allies) Bromeister: oh reds got chims
(11:41 / Allies) Bromeister: lmao
(11:50 / Allies) Uzbad: chims, hippo riders
(11:56 / Allies) Uzbad: dryads
(11:59 / Allies) Bromeister: wood me
(11:59 / Allies) Bromeister: plz
(12:09 / Allies) Uzbad: all i got
(12:15 / Allies) Bromeister: np
(14:26 / Allies) Bromeister: sory
(14:27 / Allies) Bromeister: i need
(14:28 / Allies) Bromeister: bad
(14:31 / Allies) Bromeister: pimp my hero dota
(14:48 / Allies) Bromeister: LOL
(15:21 / All) Bromeister: fuck
(15:38 / All) Bromeister: k
(16:00 / Allies) Bromeister: LOL
(16:12 / Allies) Uzbad: main
(16:22 / Allies) Bromeister: an
(16:23 / Allies) Bromeister: am
(16:46 / Allies) Uzbad: imb
(17:39 / Allies) Bromeister: wood plz
(17:47 / Allies) Bromeister: ty
(17:54 / All) Uzbad: silllllllly
(18:29 / Allies) Bromeister: this game is too funny
(18:55 / Allies) Bromeister: got gold
(19:38 / All) Bromeister: LOL
(19:38 / All) Bromeister: LOL
(19:52 / All) Bromeister: watch this
(20:04 / Allies) Uzbad: yehehehehe
(20:11 / All) Bromeister: JLOL
(20:28 / Allies) zs12: gold if you have an
(20:28 / All) Bromeister: LOL
(20:28 / All) Bromeister: LOL
(20:31 / Allies) zs12: any
(20:40 / Allies) Bromeister: im massing giants
(20:41 / Allies) Bromeister: lol
(20:47 / Allies) Bromeister: funy game
(21:01 / Allies) Uzbad: you should ancient rush green with AOWs
(21:07 / Allies) Bromeister: how
(21:11 / All) Bromeister: LOL
(21:16 / All) Bromeister: <N>ew <R>ealm <O>rder <<<Clan NRO>>> [the mamak of TFT]
(21:19 / All) Bromeister: come to Clan NRO
(21:19 / Allies) Uzbad: make a bunch of ancients of war and then march them
(21:24 / All) Bromeister: if u thought my strategy was lulzy
(21:29 / All) chieftain420: ur annoying why
(21:48 / All) Bromeister: wtf
(21:53 / Allies) Bromeister: what happened to my druid of talon
(22:01 / Allies) Uzbad: ooops :D
(22:04 / All) Bromeister: WTF
(22:06 / All) Bromeister: U KILLED IT
(22:08 / All) Bromeister: U DIE NOW
(22:12 / Allies) Uzbad: maybe....
(22:17 / All) Bromeister: LOL MASS TP
(22:20 / All) Bromeister: LOL
(22:22 / All) Bromeister: shit
(22:24 / All) Bromeister: half hp
(22:30 / Allies) Uzbad: yeehahahahahahhaa
(22:32 / All) Bromeister: this is too funny
(23:37 / Allies) Bromeister: oh fuck
(23:47 / All) Bromeister: LOL
(24:07 / All) Bromeister: too funny
(24:08 / All) Bromeister: panda
(24:10 / All) Bromeister: lol